[Event "31st MPL National U18 Chess-ch 2022"]
[Site "Pollachi"]
[Date "2022.04.18"]
[Round "2.5"]
[White "Praveen K B"]
[Black "Harshad S"]
[Result "0-1"]
[ECO "D00"]
[WhiteElo "1450"]
[BlackElo "2328"]
[Annotator "TA"]
[PlyCount "252"]
[EventDate "2022.04.18"]
[EventCountry "IND"]
[SourceTitle "playchess.com"]
[Source "ChessBase"]
[SourceQuality "1"]
[TimeControl "5400+30"]

1. d4 Nf6 2. Bf4 e6 3. e3 c5 4. c3 d5 5. Nd2 Bd6 6. Bg3 {[%emt 0:00:58] D00: 1 d4 d5: Unusual lines.} O-O 7. Ngf3 b6 8. Bd3 {[%emt 0:03:17] The position is equal. 8.Ne5 is more advanced technology.} Bb7 9. Ne5 Ne4 10. Qc2 f5 11. f4 Nc6 12. O-O {[%emt 0:06:34] [#]} Rc8 $146 ({Predecessor:} 12... Nxe5 13. dxe5 Be7 14. Nf3 Qc7 15. Rad1 Rfd8 16. Be1 Kh8 17. b4 Rac8 18. b5 Qd7 {½-½ (63) Lorenzo Martinez,R (1846)-Riu Lopez,S (1932) Barcelona 2018}) 13. Qd1 Nxe5 14. dxe5 Nxg3 15. hxg3 Be7 16. Qe2 Kh8 17. Rfd1 (17. g4 $11) 17... g5 $17 18. Qh5 (18. Ba6 $15 Bxa6 19. Qxa6) 18... Qe8 (18... Rg8 $17 {White must now prevent ...gxf4.} 19. Nf3 Rg7 20. fxg5 Bxg5) 19. Qh6 (19. Qxe8 $11 Rcxe8 20. Kf2) 19... Qg6 (19... gxf4 $17 20. exf4 Qf7) 20. Qxg6 $15 hxg6 21. Kf2 Kg7 22. Be2 Rfd8 23. Nb3 g4 24. Rh1 Rh8 (24... a6 {is interesting.} 25. Rac1 g5 26. Rh5 Rh8) 25. Rxh8 Rxh8 26. Rd1 g5 27. e4 $2 (27. a4 $17 {was worth a try.}) 27... gxf4 $19 (27... fxe4 28. Bxg4 gxf4 29. gxf4 $17) (27... dxe4 28. Rd7 Kf8 29. Rxb7 $18) 28. gxf4 Bh4+ $2 (28... dxe4 29. Rd7 Kf8 30. Rxb7 $18) (28... fxe4 29. Bxg4 Rh6 30. Be2 $17) (28... g3+ $1 $19 29. Kxg3 Bh4+ 30. Kf3 fxe4+ 31. Kg4 Bf2) 29. g3 $15 Be7 {[%emt 0:00:26] Threatens to win with ...Rh2+.} 30. Kg1 {[%emt 0:05:55] [#] Prevents Rh2.} (30. exf5 $15 Rh2+ 31. Kf1 exf5 32. Rd2) 30... Bc6 $2 (30... fxe4 31. Bxg4 Bc6 32. Kg2 $15 (32. Bxe6 $2 e3 $19)) (30... dxe4 $2 31. Rd7 Bd5 32. c4 $18) ({Black should try} 30... Rh3 $1 $19 31. Kg2 d4) 31. exf5 $11 exf5 {[%emt 0:00:04] And now ...Rh3 would win.} 32. Bf1 {[%emt 0:00:25] Against Rh3} d4 33. Bg2 (33. cxd4 $5 Bf3 34. Rd2 $11) 33... Ba4 {[%emt 0:00:00] ...dxc3 is the strong threat.} 34. Bd5 dxc3 35. bxc3 c4 36. Bxc4 Rc8 37. Be6 Rxc3 38. Bd7 ({Much worse is} 38. Bxf5 Rxg3+ 39. Kf2 Rf3+ 40. Kg2 Rxf4 $19) 38... Bxb3 39. axb3 Rxg3+ {[%emt 0:00:25][%mdl 4096] Endgame KRB-KRB} 40. Kh2 Rf3 41. Bxf5 Rxf4 42. Bc8 Kg6 43. Rd7 Bh4 44. Rxa7 Rf2+ 45. Kg1 Rf3 46. Kh2 Bg3+ 47. Kg2 Bxe5 48. Rb7 Rxb3 49. Bxg4 Rg3+ 50. Kf2 Rxg4 51. Rxb6+ {[%emt 0:01:14] KRB-KR} Kf5 52. Rb5 Ke4 53. Rb7 Bd4+ 54. Kf1 Kd3 55. Rb3+ Kc2 56. Ra3 Kd2 57. Rg3 {[%emt 0:00:14] Against Rg1+} Rf4+ 58. Kg2 Ke2 59. Ra3 Rf8 60. Ra2+ Ke3 61. Ra3+ Ke4 62. Rh3 Be5 63. Ra3 Rg8+ 64. Kf1 Bd4 65. Rh3 Be3 66. Rh7 $2 {[%emt 0:00:45][%mdl 8192] [#]} (66. Ke2 $11) 66... Kd3 $1 67. Rh1 Rg7 68. Ke1 Rg2 69. Kf1 Rf2+ $2 (69... Rg4 70. Ke1 Rg7 71. Kf1 Kd2 72. Rh2+ Kd1 73. Rd2+ Bxd2 74. Kf2 Rf7+ 75. Kg3 Ke2 76. Kg4 Be3 77. Kh5 Rg7 78. Kh4 Kf3 79. Kh5 Rg1 80. Kh4 Rh1#) 70. Ke1 $2 (70. Kg1 $15) 70... Rc2 $2 (70... Rf6 {mates} 71. Rh2 Rb6 72. Kf1 Rg6 73. Rf2 Bxf2 74. Kxf2 Ke4 75. Ke2 Rg2+ 76. Kf1 Rd2 77. Ke1 Ke3 78. Kf1 Kf3 79. Kg1 Rd1+ 80. Kh2 Re1 81. Kh3 Rh1#) 71. Kf1 $15 Ke4 72. Rh7 Bf4 73. Rh3 Rb2 74. Kg1 Kf5 75. Kf1 Kg4 76. Rd3 Bg3 77. Ra3 Rf2+ 78. Kg1 Re2 79. Kf1 Rf2+ 80. Kg1 Rc2 81. Kf1 Bf4 82. Ke1 Rh2 83. Kd1 Kf5 84. Ra4 Be3 85. Rc4 Ke5 86. Rc2 Rh1+ 87. Ke2 Ke4 88. Rc3 Rh2+ 89. Kd1 Bd4 90. Ra3 Rb2 91. Kc1 Rf2 92. Kd1 Rg2 93. Ke1 Be3 94. Kf1 Rc2 95. Ra8 Kf3 96. Rf8+ $1 Bf4 97. Re8 Rc7 {[%emt 0:00:31] Against Re7} 98. Re6 (98. Re1 Rh7 99. Kg1 Bh2+ 100. Kh1 Bg3+ 101. Kg1) 98... Rh7 99. Rg6 Rh2 {[%emt 0:00:25] Inhibits Rg2.} 100. Rg8 Rf2+ 101. Ke1 Rc2 102. Rd8 Rc7 103. Rd3+ Be3 104. Rd8 Rc1+ 105. Rd1 Rc2 106. Rd8 Rc4 107. Rf8+ Bf4 108. Rd8 Rc7 {[%emt 0:00:29] Against Rd7} 109. Rd3+ Be3 110. Rd8 Re7 111. Kd1 Rc7 112. Ke1 (112. Rf8+ {gets mated.} Bf4) 112... Ke4 {[%emt 0:00:54] Prevents Rd3.} 113. Ke2 Rc2+ 114. Kd1 Rg2 115. Ke1 Bb6 116. Rd7 Bd4 117. Re7+ Kd3 118. Kd1 Ra2 119. Rc7 Ra8 {[%emt 0:00:11] Inhibits Rc8.} 120. Rc6 Be5 121. Rc5 Rb8 122. Rc6 Bf4 ({And not} 122... Rf8 123. Rd6+) 123. Ke1 Be3 {[%emt 0:00:58] ( -> ...Rb1+)} 124. Rd6+ Bd4 125. Kf1 Rg8 126. Rg6 $2 {[%emt 0:00:06][%mdl 8192] Prevents Rg1+.} Rxg6 {[%emt 0:00:02] Weighted Error Value: White=0.20 (precise) /Black=0.16 (very precise)} 0-1

[Event "31st MPL National U18 Chess-ch 2022"]
[Site "Pollachi"]
[Date "2022.04.18"]
[Round "2.7"]
[White "Rohith Krishna S"]
[Black "Soham Kamotra"]
[Result "0-1"]
[ECO "B67"]
[WhiteElo "2304"]
[BlackElo "2229"]
[Annotator "TA"]
[PlyCount "64"]
[EventDate "2022.04.18"]
[EventCountry "IND"]
[SourceTitle "playchess.com"]
[Source "ChessBase"]
[SourceQuality "1"]
[TimeControl "5400+30"]

1. e4 c5 2. Nf3 d6 3. d4 cxd4 4. Nxd4 Nf6 5. Nc3 Nc6 6. Bg5 e6 7. Qd2 a6 8. O-O-O Bd7 $1 {[%emt 0:00:04] The main line 8...Bd7 scores better than 8...h6.} 9. f3 Nxd4 10. Qxd4 Be7 {[%emt 0:00:04] B67: Sicilian: Richter-Rauzer: 7...a6 8 0-0-0 Bd7, lines without 9 f4 Be7.} 11. Kb1 Qc7 12. h4 Rc8 {[%emt 0:05:59] The position is equal.} 13. g4 h5 14. gxh5 Nxh5 {[%emt 0:06:42] [#]} 15. Bh3 $146 ({Predecessor:} 15. Qd2 b5 16. Bd3 b4 17. Ne2 a5 18. f4 Rb8 19. Rhf1 a4 20. e5 d5 21. f5 Bxg5 22. hxg5 exf5 23. Bxf5 Bxf5 24. Rxf5 {½-½ (44) Oparin,G (2622)-Gabrielian,A (2493) Batumi 2018}) 15... b5 16. Rhe1 Nf6 (16... a5 $11) 17. Qd2 $1 $14 b4 18. Ne2 a5 19. Nd4 $1 a4 20. f4 (20. Qxb4 $14 Rb8 21. Qd2 (21. Qa3 Qb6 $11)) 20... a3 $11 21. e5 $1 axb2 $2 {[%emt 0:06:08] [#]} 22. exf6 $2 ({White should try} 22. Nxe6 $1 $18 fxe6 23. exd6) 22... gxf6 23. f5 e5 $36 {[%emt 0:00:29][%mdl 2048] Black has some pressure.} (23... fxg5 $2 24. fxe6 fxe6 25. Bxe6 Bxe6 26. Rxe6 $18) 24. Bh6 (24. Be3 $1 $11 {remains equal.}) 24... Qc3 (24... Ba4 $17 25. Re2 exd4) 25. Bg4 {[%emt 0:11:17] [#]} (25. Bg2 $1 $11) 25... Qxd2 {[%emt 0:07:12] Dancing on a razor blade.} (25... Qxd4 $2 26. Qxd4 exd4 27. Bg7 $18) (25... Qc4 $1 $17 {Hoping for ...Ra8.} 26. Bf3 Ba4) 26. Bg5 $2 Qe3 $2 27. Bxe3 $15 Rxh4 ({Much worse is} 27... exd4 28. Bxd4 Kf8 29. h5 $14) 28. Bd2 $2 exd4 $2 (28... Rxg4 $19 {and Black stays clearly on top.} 29. Bxb4 Rc4 30. Bxd6 Bxd6) 29. Rg1 (29. Rh1 $17 Rxh1 30. Rxh1) 29... Rc5 (29... Ba4 $19 30. Rde1 Bxc2+ 31. Kxb2 Kd7) 30. Bxb4 $2 (30. Be1 $17 {is tougher.} Rh2 31. Rd2 Rxd2 32. Bxd2) 30... Rc4 $19 {[%emt 0:00:59] Black is clearly winning.} 31. Be1 {[%emt 0:12:32] [#]} d3 $1 32. cxd3 (32. Rxd3 Rhxg4) 32... Rhxg4 {[%emt 0:00:06] Weighted Error Value: White=1.09/Black=0.97} 0-1

[Event "31st MPL National U18 Chess-ch 2022"]
[Site "Pollachi"]
[Date "2022.04.19"]
[Round "3.1"]
[White "Bharath Subramaniyam H"]
[Black "Arul Anandh S P K"]
[Result "1-0"]
[ECO "A01"]
[WhiteElo "2508"]
[BlackElo "1759"]
[Annotator "TA"]
[PlyCount "141"]
[EventDate "2022.04.18"]
[EventCountry "IND"]
[SourceTitle "playchess.com"]
[Source "ChessBase"]
[SourceQuality "1"]
[TimeControl "5400+30"]

1. b3 e5 2. Bb2 Nc6 3. c4 Nf6 4. e3 d5 5. cxd5 Nxd5 6. a3 Bd6 7. d3 $1 {[%emt 0:00:15][%mdl 4] outshines the older 7.Qc2. A01: Nimzowitsch-Larsen Opening.} Be6 8. Nf3 O-O 9. Nbd2 {[%emt 0:00:54] The position is equal.} f6 10. Be2 Qe8 11. O-O {[%emt 0:03:09] [#]} Qg6 $146 ({Predecessor:} 11... Rd8 12. Rc1 a5 13. Ne4 Be7 14. Nc5 Bc8 15. Qc2 f5 16. Rfd1 Kh8 17. Bf1 Qh5 18. Nxe5 Nxe5 19. Bxe5 {½-½ (33) Rubinas,P (2553)-Ostriker,J (2525) ICCF email 2013}) 12. Kh1 Rad8 13. b4 a6 14. Rc1 Qh6 15. g3 Nde7 16. Qc2 Ng6 17. d4 exd4 18. Nxd4 Nxd4 19. Bxd4 f5 20. Bc4 Ne5 (20... Ne7 $14) 21. Bxe5 $16 Bxe5 22. Nf3 Bd6 {[%emt 0:04:55] [#]} 23. Nd4 $1 Bxc4 24. Qxc4+ Rf7 25. Nxf5 Qh5 26. Nd4 {[%emt 0:03:44] Against Qf3+. &Bianco is more active.} Kh8 27. Kg1 Rf6 28. Qe2 Qg6 29. Rcd1 Re8 30. Rd2 h6 31. Re1 (31. Rc1 $142) 31... c5 32. bxc5 Bxc5 33. Qd3 Qg4 34. Rb1 b6 (34... b5 $142) 35. Qxa6 h5 36. Qe2 Qg6 37. Qd3 Qg4 38. h4 Ref8 39. Kg2 Bd6 (39... Bxa3 $16 {keeps fighting.} 40. e4 Bc5) 40. f4 {[%emt 0:00:32] aiming for Nf3.} Rg6 41. Ne2 Be7 42. Qd7 ({And not} 42. Kg1 Bxh4 43. Qe4 Re6 $11) 42... Re6 {[%emt 0:00:29] [#]} 43. Nd4 (43. Kf2 $1 $18 {and White stays clearly on top.}) 43... Rxe3 44. Qxg4 hxg4 45. Rxb6 Bxa3 {[%emt 0:00:27] A mistake that costs the game.} (45... Rxa3 $14 46. Re6 Bf6) 46. Nc2 $18 Bc5 47. Rg6 Re4 48. Rxg4 Rfe8 49. Kf3 {[%emt 0:00:36] Inhibits Re2.} Rc4 50. Rg5 Rc3+ 51. Kg2 Rc8 52. Rgd5 Be7 53. Nd4 Bf6 54. Nf3 Re3 55. R5d3 Re4 (55... Rxd3 $142 56. Rxd3 Rc4) 56. Kh3 Rce8 57. Kg4 Ra4 58. Ng5 Ra5 59. Rd5 Ra3 60. R2d3 Ra6 61. Rb5 {[%emt 0:00:56] Inhibits Rb6.} Rc6 (61... Rea8 {might work better.} 62. Rd7 Re8) 62. Rdb3 {[%emt 0:00:10] Rb8 is the strong threat.} Kg8 63. Rb8 Rcc8 (63... Kf8 $142 64. Nh7+ Kf7 65. Rxe8 Kxe8 66. Nxf6+ Rxf6 67. Rb8+ Kf7) 64. Rxc8 Rxc8 {[%emt 0:00:03][%mdl 4096] Endgame KRB-KRN} 65. Kf5 {[%emt 0:00:27] Threatens to win with Kg6.} Kf8 $2 (65... Be7 66. Rb7 Rf8+ 67. Ke4 Bf6) 66. Rb7 {[%emt 0:01:15] Intending Ne6+ and mate.} Kg8 67. Kg6 {[%emt 0:00:29] White threatens Ne6 and mate.} Rc6 {[%emt 0:00:34] Inhibits Ne6.} 68. Rb8+ Bd8+ 69. Kf5 Rf6+ 70. Kg4 Rd6 71. f5 {[%emt 0:00:07] Weighted Error Value: White=0.13 (very precise) /Black=0.21 (precise)} 1-0

[Event "31st MPL National U18 Chess-ch 2022"]
[Site "Pollachi"]
[Date "2022.04.19"]
[Round "3.2"]
[White "Nawin M S"]
[Black "Srihari L R"]
[Result "1/2-1/2"]
[ECO "D11"]
[WhiteElo "1704"]
[BlackElo "2400"]
[Annotator "TA"]
[PlyCount "95"]
[EventDate "2022.04.18"]
[EventCountry "IND"]
[SourceTitle "playchess.com"]
[Source "ChessBase"]
[SourceQuality "1"]
[TimeControl "5400+30"]

1. Nf3 d5 2. c4 c6 3. d4 Nf6 4. Qc2 g6 5. Bf4 Bf5 6. Qb3 Qb6 7. e3 {[%emt 0:02:01] 7.e3 scores better than 7.c5.} Na6 {[%emt 0:10:56][%cal Bb8a6,Ba6b4,Bb4c2][%mdl 32] D11: Slav Defence: 3 Nf3 sidelines and 3...Nf6 4 e3 Bg4.} 8. Be2 dxc4 9. Bxc4 Qxb3 {[%emt 0:00:02] The position is equal.} 10. Bxb3 Nb4 (10... Nh5 $5 ) 11. O-O {[%emt 0:00:56] [#]} Nc2 $146 ({Predecessor:} 11... Bg7 12. Nc3 O-O 13. Ne5 Nbd5 14. Nxd5 cxd5 15. h3 Rfc8 16. g4 Bc2 17. Rfc1 Bxb3 18. axb3 a6 19. Bg5 e6 20. Bxf6 Bxf6 21. Nd7 Bd8 22. Kf1 Kg7 {½-½ (22) Spassov,L (2421)-Galunov,T (2364) Kula 2010}) 12. Bxc2 Bxc2 13. Nbd2 Bg7 14. Rfc1 Bf5 15. Nc4 Nd5 16. Bg3 Be4 ({Better is} 16... h5 $11) 17. Nfd2 $1 $14 Bd3 18. Na5 $36 {[%emt 0:00:08][%mdl 2048] White has some pressure.} O-O-O 19. Ndb3 {[%emt 0:02:43] Nc5 is the strong threat.} Bb5 {[%emt 0:03:40] Black is now going downhill.} (19... Bf5 $1 $14) 20. a4 $16 Ba6 {[%emt 0:00:08] [#]} (20... Be2 $16) 21. Nc5 $1 $18 Nb4 22. Ra3 {[%emt 0:03:48] Threatens to win with Rb3.} Rd5 23. Rb3 Nd3 24. Nxd3 Rxa5 25. Nc5 e5 (25... Rd8 $142) 26. Bxe5 Bxe5 27. dxe5 Rd8 {[%emt 0:00:27][%cal Oa5c5] Hoping for ...Rxc5!} 28. Rbc3 b6 {[%emt 0:00:38] [#]} 29. b4 bxc5 (29... Rxc5 30. bxc5) 30. bxa5 {[%emt 0:00:04][%mdl 4096] Endgame KRR-KRB} c4 31. f4 Rd2 32. R1c2 Rd1+ 33. Kf2 Kd7 34. Ke2 Rg1 35. Rd2+ Ke7 36. Kf2 Ra1 37. Rd6 Ra2+ 38. Kg3 Bb7 (38... Rxa4 $142 39. Rxc6 Rxa5 40. Rc7+ Ke8 41. Rxa7 Ra4) 39. Rxc4 Ra3 40. Rb4 Bc8 41. Rxc6 Bd7 42. Rc7 {[%emt 0:00:09] aiming for Rd4.} Rxe3+ 43. Kf2 Rd3 44. Rxa7 Ke6 45. Rb6+ Kf5 46. Rd6 Rxd6 47. exd6 Bxa4 48. d7 {[%emt 0:00:07][%mdl 32768] Weighted Error Value: White=0.14 (very precise) /Black=0.38. An unexpected result.} 1/2-1/2

[Event "31st MPL National U18 Chess-ch 2022"]
[Site "Pollachi"]
[Date "2022.04.19"]
[Round "3.3"]
[White "John Veny Akkarakaran"]
[Black "Ayush Sharma"]
[Result "1-0"]
[ECO "B92"]
[WhiteElo "1687"]
[BlackElo "2302"]
[Annotator "TA"]
[PlyCount "117"]
[EventDate "2022.04.18"]
[EventCountry "IND"]
[SourceTitle "playchess.com"]
[Source "ChessBase"]
[SourceQuality "1"]
[TimeControl "5400+30"]

1. e4 c5 2. Nf3 d6 3. d4 cxd4 4. Nxd4 Nf6 5. Nc3 a6 6. Be2 e5 7. Nb3 Be7 8. O-O O-O 9. Kh1 Nbd7 {[%emt 0:02:07] 9...Be6 is setting a new trend.} 10. a4 b6 11. Be3 Bb7 {[%emt 0:03:21] B92: Sicilian Najdorf: 6 Be2.} 12. f3 Rc8 13. Nd2 Qc7 {[%emt 0:15:39] White is slightly better.} 14. Nc4 {[%emt 0:00:08] [#]} Rcd8 $146 ({Predecessor:} 14... Bc6 15. Qd2 Rb8 16. Rfd1 Rfd8 17. Nd5 Bxd5 18. exd5 Rdc8 19. a5 b5 20. Na3 Qb7 {1-0 (53) Jakovenko,D (2506)-Jobava,B (2480) Yerevan 2000}) 15. a5 (15. Bf2 $16) 15... b5 $11 16. Nb6 d5 {[%emt 0:07:14] Black is on the road to losing.} (16... Bc6 $14) 17. Ncxd5 $16 {[%emt 0:17:43] &Bianco is more active.} Nxd5 18. Nxd5 Bxd5 19. exd5 Bc5 20. Bg5 $36 {[%emt 0:04:14][%mdl 2048] Keeping Black busy.} f6 21. Bd2 f5 {[%emt 0:07:18] [#]} (21... Qd6 $16) 22. b4 $1 $18 Ba7 (22... Bd6 $142 23. Rc1 Nf6) 23. c4 bxc4 24. Rc1 Nf6 25. Bxc4 Qd6 26. Qe2 f4 27. Bxa6 Kh8 28. b5 Bd4 29. Rc6 Qxd5 30. Qc4 Qd7 (30... Rg8 $142 31. Qxd5 Rxd5) 31. Bb4 Rfe8 32. Rc7 Qf5 33. Qf7 {[%emt 0:01:55][%csl Gc7][%cal Rf7g7] [#]} Rg8 34. Be7 Rd7 (34... Rb8 35. Bxf6 Qxf6) 35. b6 e4 36. Rxd7 Qxd7 37. Bc4 {[%emt 0:01:09] Black must now prevent Bxf6. A strong pair of Bishops.} Ra8 38. Bxf6 {[%emt 0:01:04] White wants to mate with b7.} Qxf7 39. Bxf7 gxf6 {[%emt 0:00:17][%mdl 4096] Endgame KRB-KRB} 40. b7 Rb8 41. a6 e3 42. Rc1 Ba7 43. Rc8+ Kg7 44. Bc4 Kg6 45. g3 h5 46. Bd3+ Kf7 47. gxf4 (47. h4 $142 Ke6 48. gxf4) 47... Ke6 48. h4 Kd5 49. Kg2 Kd4 50. Be2 f5 {[%emt 0:01:52] White mates.} 51. Kf1 Kd5 52. Bb5 Kd6 53. Ke2 Ke7 54. Be8 Kf6 55. Bxh5 Kg7 56. Be8 Kh6 57. Rxb8 Bxb8 58. Kxe3 Kg7 59. h5 {[%emt 0:00:48] Weighted Error Value: White=0.27 (precise) /Black=0.58} 1-0

[Event "31st MPL National U18 Chess-ch 2022"]
[Site "Pollachi"]
[Date "2022.04.19"]
[Round "3.5"]
[White "Shadhursshaan R"]
[Black "Ayushh Ravikumar"]
[Result "1/2-1/2"]
[ECO "B67"]
[WhiteElo "1633"]
[BlackElo "2269"]
[Annotator "TA"]
[PlyCount "64"]
[EventDate "2022.04.18"]
[EventCountry "IND"]
[SourceTitle "playchess.com"]
[Source "ChessBase"]
[SourceQuality "1"]
[TimeControl "5400+30"]

1. e4 c5 2. Nf3 d6 3. d4 cxd4 4. Nxd4 Nf6 5. Nc3 Nc6 6. Bg5 e6 7. Qd2 a6 8. O-O-O Bd7 $1 {[%emt 0:00:04] 8...Bd7 scores better than 8...h6.} 9. f3 Nxd4 10. Qxd4 Be7 {[%emt 0:00:04] B67: Sicilian: Richter-Rauzer: 7...a6 8 0-0-0 Bd7, lines without 9 f4 Be7.} 11. Kb1 Qc7 12. h4 Rc8 {[%emt 0:05:59] The position is equal.} 13. g4 h5 14. gxh5 Nxh5 {[%emt 0:06:42] [#]} 15. Bh3 $146 ({Predecessor:} 15. Qd2 b5 16. Bd3 b4 17. Ne2 a5 18. f4 Rb8 19. Rhf1 a4 20. e5 d5 21. f5 Bxg5 22. hxg5 exf5 23. Bxf5 Bxf5 24. Rxf5 {½-½ (44) Oparin,G (2622)-Gabrielian,A (2493) Batumi 2018}) 15... b5 16. Rhe1 Nf6 (16... a5 $5 ) 17. Qd2 b4 18. Ne2 {[%emt 0:00:59] &Bianco is more active.} a5 19. Nd4 $1 a4 20. f4 (20. Qxb4 $14 Rb8 21. Qd2 (21. Qa3 Rb7 $14)) 20... a3 $1 $11 21. e5 $1 axb2 $2 {[%emt 0:06:08] [#]} 22. exf6 $2 {[%emt 0:06:46] Dancing on a razor blade.} (22. Nxe6 $1 $18 fxe6 23. exd6) 22... gxf6 23. f5 e5 $36 {[%emt 0:00:29][%mdl 2048] Black is pushing.} (23... fxg5 $2 24. fxe6 fxe6 25. Bxe6 Bxe6 26. Rxe6 $18) 24. Bh6 ({Better is} 24. Be3 $15) 24... Qc3 (24... d5 $17 {Hoping for ...Ra8.} 25. Bg2 b3 26. Bxd5 (26. cxb3 $2 Rxh6 27. Bxd5 exd4 $19) 26... bxc2+ 27. Nxc2 Rxh6 $1 ) 25. Bg4 {[%emt 0:11:17] [#]} (25. Bg2 $1 $11) 25... Qxd2 (25... Qxd4 $2 26. Qxd4 exd4 27. Bg7 $18) (25... Qa3 $1 $17 {( -> ...Ra8)} 26. Bf3 Rc5) 26. Bg5 $2 Qe3 $2 27. Bxe3 $15 Rxh4 ({But not} 27... exd4 28. Bxd4 Kf8 29. h5 $11) 28. Bd2 $2 exd4 $2 (28... Rxg4 $19 {is more deadly.} 29. Bxb4 Rc4) 29. Rg1 $2 (29. Rh1 $17 Rxh1 30. Rxh1) 29... Rc5 (29... Ba4 $19 30. Rde1 Bxc2+ 31. Kxb2 Kd7) 30. Bxb4 $2 (30. Be1 $17 {is a better chance.} Rh2 31. Rd2 Rxd2 32. Bxd2) 30... Rc4 $19 {[%emt 0:00:59] Black is clearly winning.} 31. Be1 {[%emt 0:12:32] [#]} d3 $1 32. cxd3 Rhxg4 {[%emt 0:00:06][%mdl 32768] Weighted Error Value: White=1.13/Black=0.93. An unexpected result.} 1/2-1/2

[Event "31st MPL National U18 Chess-ch 2022"]
[Site "Pollachi"]
[Date "2022.04.19"]
[Round "3.6"]
[White "Soham Kamotra"]
[Black "Dhruva Thota"]
[Result "1-0"]
[ECO "A26"]
[WhiteElo "2229"]
[BlackElo "1525"]
[Annotator "TA"]
[PlyCount "134"]
[EventDate "2022.04.18"]
[EventCountry "IND"]
[SourceTitle "playchess.com"]
[Source "ChessBase"]
[SourceQuality "1"]
[TimeControl "5400+30"]

1. c4 e5 2. Nc3 Nc6 3. g3 g6 4. Bg2 Bg7 5. e4 Nge7 6. Nge2 O-O 7. O-O d6 8. d3 Be6 9. h3 Qd7 10. Kh2 f5 11. Nd5 {[%emt 0:01:37] Inhibits f4. A26: English Opening vs King's Indian with ...Nc6 and d3.} Rab8 12. Be3 Nd4 (12... b5 $1 $15 {keeps the upper hand.} 13. c5 Bf7) 13. Nxd4 $16 {[%emt 0:04:35] White is better.} exd4 {[%emt 0:01:08] [#]} 14. Bg5 $146 {[%emt 0:00:03] &Bianco is more active.} ({Predecessor:} 14. Bd2 c6 15. Nxe7+ Qxe7 16. b3 Rf7 17. f4 h5 18. exf5 Bxf5 19. Qf3 Re8 20. Rae1 {½-½ (52) Kraschl,J (2210)-Podkriznik,G (2290) Finkenstein 1994}) 14... Nxd5 15. exd5 ({Reject} 15. cxd5 Bf7 $11) 15... Bf7 16. Qd2 c5 17. dxc6 bxc6 18. Rfe1 {[%emt 0:01:38] Black must now prevent Re7.} Rfe8 {[%emt 0:02:16] Prevents Re7.} 19. b4 Rxe1 20. Rxe1 {[%emt 0:00:07] Re7 is the strong threat.} Re8 {[%emt 0:00:04] Inhibits Re7.} 21. Rb1 a6 {[%emt 0:01:12] Prevents b5.} 22. Bf3 Rb8 23. a3 c5 {[%emt 0:17:34] [#]} 24. Rb2 $1 Be8 (24... Qe8 $16 {was necessary.} 25. Qc1 Be5) 25. bxc5 $18 Rxb2 26. Qxb2 dxc5 27. Qb6 {[%emt 0:01:10][%csl LRa6,LRc5] Against Qa7} h6 28. Bf4 Qe7 (28... g5 $2 29. Bd6 $18) 29. Bd6 Qe1 30. Kg2 Bf7 31. Bxc5 Qc3 32. Qd8+ Kh7 33. Qd7 Kg8 34. Bd5 Bxd5+ 35. Qxd5+ Kh7 36. Qf3 a5 37. h4 h5 38. Bd6 Qb3 39. Kh2 Qa2 40. Kg2 Qb3 $1 {[%emt 0:00:38] Prevents Qb7.} 41. Qe2 Qb7+ 42. Kh2 Qb3 43. Be7 Qc3 44. a4 Qb3 45. Bd8 $2 (45. c5 $18 {is the precise move to win.}) 45... Qxa4 $16 46. Qd2 Qb4 (46... f4 $16) 47. Bxa5 $18 Qxd2 (47... Qb8 48. c5 Qc8) 48. Bxd2 {[%emt 0:00:00][%mdl 4096] [#] Endgame Threatens to win with c5. KB-KB} Bf8 49. Kg2 Kg7 50. Ba5 Bc5 51. Kf3 Kf6 52. Ke2 Ke6 $2 (52... f4 53. gxf4 Be7) 53. Kd2 Kd7 $2 (53... f4 54. Ke2 (54. gxf4 Kf5 $16) 54... Be7) 54. Ke2 Ke6 55. Kf1 $2 (55. f4 Kd6 56. Kd2) 55... Kd7 $2 (55... f4 56. Kg2 (56. gxf4 Kf5 $16) 56... fxg3) 56. Kg2 Kc6 57. f3 Be7 58. Be1 {[%emt 0:00:00] And now Bd2 would win.} g5 $2 {[%emt 0:00:13][%mdl 8192] Loses the game.} (58... Bc5 $16 59. Bd2 Be7) 59. hxg5 Bxg5 60. g4 hxg4 61. fxg4 fxg4 62. Kg3 {[%emt 0:00:00] White mates.} Be3 63. Kxg4 Kc5 64. Kf5 Bc1 65. Ke4 Be3 66. Bg3 Bg1 67. Bb8 Kb6 {[%emt 0:01:06] Weighted Error Value: White=0.73/Black=0.59} 1-0

[Event "31st MPL National U18 Chess-ch 2022"]
[Site "Pollachi"]
[Date "2022.04.19"]
[Round "3.7"]
[White "Ilamparthi A R"]
[Black "Apoorv Kamble"]
[Result "0-1"]
[ECO "C00"]
[WhiteElo "1969"]
[BlackElo "1679"]
[Annotator "TA"]
[PlyCount "78"]
[EventDate "2022.04.18"]
[EventCountry "IND"]
[SourceTitle "playchess.com"]
[Source "ChessBase"]
[SourceQuality "1"]
[TimeControl "5400+30"]

1. Nf3 Nf6 2. g3 e6 3. Bg2 d5 4. O-O b6 5. d3 Bb7 6. Nbd2 Be7 7. e4 O-O 8. e5 Nfd7 9. Re1 c5 10. Nf1 Nc6 11. h4 Re8 12. N1h2 f6 {[%emt 0:16:15] C00: French: Unusual White 2nd moves.} (12... b5 $11) 13. exf6 $14 Bxf6 14. Ng4 Qc7 {[%emt 0:02:27] White is slightly better.} 15. Ng5 Qd6 {[%emt 0:00:49] [#]} 16. c4 $146 (16. c3 $1 $14 Bxg5 17. hxg5) ({Predecessor:} 16. c3 Rad8 17. Qb3 Nf8 18. Bf4 Qd7 19. Bh3 Ba6 20. Qd1 h6 21. Nf3 h5 22. Nge5 Nxe5 23. Bxe5 {1-0 (67) Dios,E (2086)-Nies,P (2056) Germany 2016}) 16... Nd4 $11 17. cxd5 {[%emt 0:11:56] [#] Threatens to win with Ne4.} Bxg5 (17... Bxd5 18. Ne4 Qf8 19. Bd2 $11) (17... exd5 18. Bf4 Rxe1+ 19. Qxe1 $11) 18. hxg5 Bxd5 ({Don't play} 18... exd5 19. Be3 $11) 19. Be4 Rf8 {[%emt 0:13:39] aiming for ...Nf3+.} 20. Bf4 $2 {[%emt 0:09:10] Now White is beyond hope.} ({White should play} 20. f4 $15) 20... Rxf4 $19 21. gxf4 Qxf4 22. Nh2 Rf8 {[%emt 0:10:18] Chess con chili.} ({And not} 22... Qxg5+ 23. Qg4 Qxg4+ 24. Nxg4 $17) 23. Bxd5 exd5 ({Not} 23... Qxf2+ 24. Kh1 exd5 25. Rf1 Qxb2 26. Qa4 $17) 24. Kh1 $2 (24. Qg4 Qxf2+ 25. Kh1) 24... Ne5 {[%emt 0:01:06] Pair of Knights!} 25. Re3 Nef3 26. Nxf3 Nxf3 27. Rxf3 Qxf3+ 28. Qxf3 Rxf3 {[%emt 0:00:04][%mdl 4096] Endgame KR-KR} 29. Kg2 Rxd3 30. Re1 Kf7 {[%emt 0:00:19] Against Re8} 31. Re5 Rd2 32. b3 d4 33. a4 Rb2 34. Kf3 Rxb3+ 35. Ke4 Rb2 36. Rf5+ Kg6 {[%emt 0:00:58] [#] ( -> ...Re2+)} 37. f3 d3 {[%emt 0:01:34] Black mates.} 38. Rd5 Rb4+ 39. Ke5 Rd4 {[%emt 0:00:09] Weighted Error Value: White=0.70/Black=0.08 (flawless)} 0-1